 Dungeon Crawl Stone Soup version 0.29.1-2-gbd0b4ee654 (webtiles) character file.

Game seed: 3843663832806970437

28 BlackCrag the Conjurer (level 3, -4/19 HPs)
             Began as a Deep Elf Conjurer on Oct 26, 2022.
             Was an Initiate of Vehumet.
             Slain by a goblin
             ... wielding a +2 dagger of venom
             ... led by Robin
              (5 damage)
             ... on level 2 of the Dungeon.
             The game lasted 00:05:01 (1198 turns).

BlackCrag the Conjurer (Deep Elf Conjurer)          Turns: 1198, Time: 00:05:02

Health: -4/19      AC:  2    Str:  4    XL:     3   Next: 0%
Magic:  4/9        EV: 12    Int: 24    God:    Vehumet [......]
Gold:   60         SH:  0    Dex: 13    Spells: 5/8 levels left

rFire   . . .      SeeInvis .   e - +2 dagger (speed)
rCold   . . .      Faith    .   (no shield)
rNeg    . . .      Spirit   .   a - +0 robe
rPois   .          Reflect  .   (no helmet)
rElec   .          Harm     .   (no cloak)
rCorr   .          Rampage  .   (no gloves)
Will    .....                   (no boots)
Stlth   ++........              (no amulet)
HPRegen 0.06/turn               (no ring)
MPRegen 0.11/turn               (no ring)

@: lethally poisoned (-4 -> -11)
A: no striking features
a: Renounce Religion


You were on level 2 of the Dungeon.
You worshipped Vehumet.
Vehumet was noncommittal.
You visited 1 branch of the dungeon, and saw 2 of its levels.

You collected 60 gold pieces.

Inventory:

Hand Weapons
 e - a +2 dagger of speed (weapon)
Armour
 a - a +0 robe (worn)
Scrolls
 d - a scroll of teleportation {unknown}
 f - a scroll of identify {unknown}
 g - a scroll of immolation {unknown}
Potions
 b - a potion of magic
 c - a potion of attraction {unknown}


   Skills:
 + Level 2.5 Dodging
 + Level 2.6 Stealth
 + Level 3.2 Spellcasting
 + Level 5.2 Conjurations


You had 5 spell levels left.
You knew the following spells:

 Your Spells              Type           Power      Damage    Failure   Level
a - Magic Dart            Conj           100%       1d8       1%          1
b - Searing Ray           Conj           58%        2d6       1%          2

Your spell library contained the following spells:

 Spells                   Type           Power      Damage    Failure   Level
 Shock                    Conj/Air       64%        1d7       3%          1
 Dazzling Flash           Conj/Hex       32%        N/A       11%         3
 Ensorcelled Hibernation  Hex/Ice        6%         N/A       16%         2
 Spider Form              Tmut/Pois      3%         N/A       32%         3
 Fulminant Prism          Conj/Hex       8%         3d7       34%         4
 Iskenderun's Mystic Bla  Conj/Tloc      16%        2d5       34%         4
 Anguish                  Hex/Necr       1%         N/A       71%         4


Dungeon Overview and Level Annotations

Branches:
Dungeon (2/15)

Altars:
Vehumet

Annotations:
D:2 Robin


Message History

Robin of the Strong Arm comes into view.
They are wielding a +0 trident.
A hobgoblin comes into view.
Aiming: Magic Dart (safe; 1% risk of failure)
Press: ? - help, Q - select action, (/) - cycle Shift-Dir - straight line, f - hobgoblin
Aim: a hobgoblin (100% to hit)
The magic dart hits the hobgoblin.
The hobgoblin is almost dead.
A goblin comes into view. It is wielding a +0 dagger.
Robin roars a battlecry!
The goblins go into a battle-frenzy!
You hear a shout! x3
Aiming: Magic Dart (safe; 1% risk of failure)
Press: ? - help, Q - select action, (/) - cycle Shift-Dir - straight line, f/p - hobgoblin
Aim: a hobgoblin (almost dead, strong, 100% to hit)
The magic dart hits the hobgoblin.
You kill the hobgoblin!
Vehumet accepts your kill.
You have reached level 3!
Your experience leads to an increase in your attributes!
Increase (S)trength, (I)ntelligence, or (D)exterity?
You feel clever. x2
Aiming: Magic Dart (safe; 1% risk of failure)
Press: ? - help, Q - select action, (/) - cycle Shift-Dir - straight line, f - Robin
Aim: Robin, wielding a +0 trident, wearing a +0 animal skin and wearing a +0 helmet (100% to hit)
The magic dart hits Robin.
Robin is moderately wounded.
A goblin comes into view. It is wielding a +2 dagger of venom.
A hobgoblin comes into view.
Robin throws the goblin at you!
The goblin hits you with a +2 dagger of venom!
You are lethally poisoned!
You feel very sick.
* * * LOW HITPOINT WARNING * * *
You feel very sick. Robin throws the goblin at you!
The goblin barely misses you. The goblin hits you with a +0 dagger.
* * * LOW HITPOINT WARNING * * *
The goblin attacks as you move away!
The goblin hits you with a +2 dagger of venom.
You die...

#. #.......####.#
#.####......## #.#
#..#.......## #.#
###....#...### #.#
......#<.....#
#.##
.......##....#
#..#
....#.......#####
##.#
.......).........
#.#
.......####@g.###
..#
.....#.####.g.#
####
.........##...#
..#..#.#....[.#
.....#.#......#
#.....#.#....##
#.....##....#
####..##..g.#
######.....#......


You could see Robin and 2 goblins.

Vanquished Creatures
  A dart slug (D:1)
  A giant cockroach (D:1)
  3 goblins
  5 hobgoblins
  4 jackals (D:1)
  A quokka (D:1)
  3 ball pythons (D:1)
  4 bats (D:1)
  2 kobolds (D:1)
  A rat (D:1)
25 creatures vanquished.

Notes
Turn   | Place    | Note
-------+----------+-------------------------------------------
     0 | D:1      | BlackCrag the Deep Elf Conjurer began the quest for the
                  | Orb.
     0 | D:1      | Reached XP level 1. HP: 10/10 MP: 6/6
   307 | D:1      | Reached XP level 2. HP: 15/15 MP: 5/8
   310 | D:1      | Learned a level 2 spell: Searing Ray
   749 | D:1      | Found a faded altar of an unknown god.
   757 | D:1      | Got Plato's Encyclopedia of Ozone
   774 | D:1      | You fall into a shaft and drop 1 floor!
   776 | D:2      | Found a radiant altar of Vehumet.
   800 | D:2      | Became a worshipper of Vehumet
   804 | D:2      | Reached skill level 5 in Conjurations
  1188 | D:2      | Noticed Robin
  1191 | D:2      | Reached XP level 3. HP: 19/19 MP: 4/9
  1198 | D:2      | Slain by a goblin

Illustrated notes

Levels and vault maps discovered:
D:1:      mainiacjoe_arrival_reflecting_pool, layout_loops_corners,
          shapermc_ecumenical_altar_rom_forum
D:2:      layout_rooms, basic_altar, bh_walls_and_bars, uniq_natasha, uniq_robin

Skill      XL: |  1  2 |
---------------+-------+-----
Conjurations   | 5 |  5.2
Dodging        | |  2.5
Stealth        | |  2.6
Spellcasting   | |  3.2

Action                   || total
-------------------------++-------
 Cast: Magic Dart        ||    41
       Searing Ray       ||     1
Armor: Robe              ||     1
Dodge: Dodged            ||     5
